 Dungeon Crawl Stone Soup version 0.31-a0-1098-g6898e6545c (webtiles) character file.

Game seed: 17616812452092274998

142 Dirtsage the Changeling (level 5, 0/49 HPs)
             Began as an Octopode Shapeshifter on Nov 30, 2023.
             Frozen to death by an endoplasm (4 damage)
             ... in a sewer.
             The game lasted 00:04:47 (1849 turns).

Dirtsage the Changeling (Octopode Shapeshifter)     Turns: 1849, Time: 00:04:48

Health: 0/49       AC: 22    Str: 11 (13) XL:     5   Next: 24%
Magic:  5/5        EV:  2    Int:  9 (12) God:
Gold:   149        SH:  0    Dex: 13 (14) Spells: 4/4 levels left

rFire   . .          .
                       - Unarmed
rCold   . . .        (no shield)
rNeg    . . .        (helmet currently unavailable)
rPois   +            (no amulet)
rElec   .            i - ring of flight
rCorr   .            (no ring)
SInv    .            (no ring)
Will    .....        (no ring)
Stlth   +            (no ring)
HPRegen 0.28/turn    (no ring)
MPRegen 0.09/turn    (no ring)
                     (no ring)

%: no passive effects
@: tree-form, very slow
A: stationary, stasis, torment immunity, boosted hp, almost no armour,
(amphibious), 8 rings, (camouflage 1), (gelatinous body 1), (nimble swimmer 1),
(tentacles)
a: no special abilities


You were in a sewer.
You were a tree.
You visited 1 branch of the dungeon, and saw 3 of its levels.
You also visited: Sewer.

You collected 149 gold pieces.

Inventory:

Jewellery
 i - a ring of flight (left branch)
Talismans
 b - a beast talisman
 c - a flux talisman
 g - a granite talisman
Wands
 D - a wand of digging (4)
Scrolls
 d - a scroll of vulnerability {unknown}
 e - a scroll of silence {unknown}
 k - 2 scrolls of identify {unknown}
 l - 2 scrolls of teleportation {unknown}
Potions
 f - a potion of ambrosia {unknown}
 h - a potion of degeneration


   Skills:
 - Level 1.4 Fighting
 - Level 2.2 Dodging
 - Level 3.2 Unarmed Combat
 + Level 5.0 Shapeshifting


You had 4 spell levels left.
You didn't know any spells.
Your spell library contained the following spells:

 Spells                   Type           Power      Damage    Failure   Level
 Ensorcelled Hibernation  Hex/Ice        0%         N/A       52%         2
 Passwall                 Tmut/Erth      0%         N/A       52%         2
 Swiftness                Air            0%         N/A       77%         3


Dungeon Overview and Level Annotations

Branches:
Dungeon (3/15)              Sewer (1/1)

Altars:
Kikubaaqudgha


Innate Abilities, Weirdness & Mutations

You are a tree.
Your roots penetrate the ground, keeping you stationary.
You cannot be teleported.
You are immune to unholy pain and torment.
Your maximum health is greatly increased.
You cannot wear most types of armour.
((You are amphibious.))
You can wear up to eight rings at the same time.
((Your skin changes colour to match your surroundings (Stealth+).))
((Your rubbery body absorbs attacks. (AC +1, EV +1)))
((You are camouflaged when in or above water. (Stealth+)))
((You have tentacles for arms and can constrict up to eight enemies at once.))


Message History

The ufetubus hits you but does no damage.
The ufetubus hits you.
* * * LOW HITPOINT WARNING * * *
The kobold hits you but does no damage.
You take 1 damage, and have 9/49 hp.
You hit the kobold.
You kill the kobold!
You hear a splash.
The bat hits you but does no damage.
The ufetubus hits you but does no damage. x2
The ufetubus hits you.
* * * LOW HITPOINT WARNING * * *
The ufetubus hits you but does no damage.
You take 1 damage, and have 8/49 hp.
You hit the endoplasm.
The endoplasm is severely wounded.
The bat hits you but does no damage.
The endoplasm hits you but does no damage.
The ufetubus hits you.
* * * LOW HITPOINT WARNING * * *
The ufetubus hits you.
* * * LOW HITPOINT WARNING * * *
You take 6 damage, and have 2/49 hp.
You feel better. The bat barely misses you. The ufetubus barely misses you.
The ufetubus hits you but does no damage.
The endoplasm freezes you.
You are frozen.
* * * LOW HITPOINT WARNING * * *
The bat hits you but does no damage.
The ufetubus hits you but does no damage.
The ufetubus hits you.
* * * LOW HITPOINT WARNING * * *
You regained 2 hp, and now have 4/49 hp.
It was a potion of degeneration.
There was something very wrong with that liquid.
You feel weakened.
You feel dopey.
You feel clumsy. The bat hits you but does no damage.
The endoplasm freezes you.
You are frozen.
You die...

+.. +.⌠ +... ...
#..
##'#############
≈≈≈#...#≈b♣)≈≈#≈≈≈#
≈.≈....K5≈J5)~.≈.≈#
...#...#......#≈~≈#
##≈#######'#~~≈#
#≈≈ ..#~.≈# #≈
.≈~#.~~# .K
≈≈≈≈#≈≈≈# ~#
≈≈≈≈≈#≈≈≈# ≈~
≈≈≈≈≈≈#≈~~#


You could see 2 ufetubi, an endoplasm, a bat and a kobold.

Vanquished Creatures
  A kobold brigand (Sewer)
  An adder (D:2)
  A river rat (D:3)
  A shadow imp (Sewer)
  A worm (D:2)
  7 ball pythons
  A bat zombie (Sewer)
  6 endoplasms
  5 giant cockroaches
  2 hobgoblins
  8 kobolds
  5 bats (D:1)
  2 frilled lizards
  4 rats
45 creatures vanquished.

Notes
Turn   | Place    | Note
-------+----------+-------------------------------------------
     0 | D:1      | Dirtsage the Octopode Shapeshifter began the quest for the
                  | Orb.
     0 | D:1      | Reached XP level 1. HP: 13/13 MP: 1/1
     3 | D:1      | Noticed an electric eel
     4 | D:1      | Noticed an electric eel
   217 | D:1      | Reached XP level 2. HP: 18/18 MP: 2/2
   955 | D:2      | Found an ancient bone altar of Kikubaaqudgha.
  1105 | D:2      | Reached XP level 3. HP: 23/23 MP: 3/3
  1119 | D:2      | Identified the +3 leather armour "Qoyna" {Dex+2}
  1548 | D:3      | Found a glowing drain.
  1563 | D:3      | Reached skill level 4 in Shapeshifting
  1676 | Sewer    | Entered a sewer
  1680 | Sewer    | Reached XP level 4. HP: 21/28 MP: 4/4
  1827 | Sewer    | Noticed a kobold brigand
  1844 | Sewer    | Killed a kobold brigand
  1845 | Sewer    | Reached skill level 5 in Shapeshifting
  1845 | Sewer    | Reached XP level 5. HP: 10/33 MP: 5/5
  1847 | Sewer    | HP: 2/49 [ufetubus (3)]
  1849 | Sewer    | Frozen to death by an endoplasm

Illustrated notes

Levels and vault maps discovered:
D:1:      arrival_aquarium_b, layout_loops_corners
D:2:      layout_basic, basic_altar
D:3:      kennysheep_slugbush, layout_loops_ring, gammafunk_ghost_smash,
          portal_sewer_entry_c
Sewer:    kennysheep_sewer_church

Skill      XL: |  1  2  3  4 |
---------------+-------------+-----
Shapeshifting  | 4 5 |  5.0
Fighting       | |  1.4
Dodging        | |  2.2
Unarmed Combat | |  3.2

Action                     |  1- 3 |  4- 6 || total
---------------------------+-------+-------++-------
  Melee: Unarmed           |    65 |    26 ||    91
         Constrict         |    21 |     3 ||    24
         Tentacles         |    12 |     7 ||    19
         Punch             |     2 |     1 ||     3
    Use: Potion            |       |     4 ||     4
   Stab: Sleeping          |     8 |       ||     8
         Distracted        |     1 |       ||     1
 Armour: Skin              |    21 |    75 ||    96
  Dodge: Dodged            |    31 |    42 ||    73

Table legend: (Time is in decaauts)
 A = Elapsed time spent in this place.
 B = Non-inter-level travel time spent in this place.
 C = Inter-level travel time spent in this place.
 D = Time resting spent in this place.
 E = Time spent auto-exploring this place.
 F = Levels seen in this place.
 G = Mean time per level.
                   A        B        C        D        E       F      G
               +--------+--------+--------+--------+--------+-----+--------+
         Total |   1841 |   1764 |     77 |      0 |   1503 |   4 |  460.2 |
       Dungeon |   1670 |   1593 |     77 |      0 |   1388 |   3 |  556.7 |
         Sewer |    171 |    171 |      0 |      0 |    115 |   1 |  171.0 |
               +--------+--------+--------+--------+--------+-----+--------+

Top non-repeatable levels by time:
     D:1: 884 daAuts
     D:2: 645 daAuts
   Sewer: 171 daAuts
     D:3: 141 daAuts
